 Dungeon Crawl Stone Soup version 0.30-a0-341-g682706514a (webtiles) character file.

Game seed: 4816450270465442606

174 Caerun the Magician (level 5, -5/35 HPs)
             Began as a Djinni Ice Elementalist on Oct 31, 2022.
             Slain by a gnoll
             ... wielding a +0 halberd
              (7 damage)
             ... on level 2 of the Dungeon.
             The game lasted 00:05:43 (2488 turns).

Caerun the Magician (Djinni Ice Elementalist)       Turns: 2488, Time: 00:05:43

Health: -5/35      AC:  6    Str:  7    XL:     5   Next: 84%
Gold:   113        EV: 13    Int: 17    God:
                   SH:  0    Dex: 15

rFire   + + +      SeeInvis +    (no weapon)
rCold   . . .      Faith    .    (no shield)
rNeg    . . .      Spirit   .    a - +0 robe
rPois   ∞          Reflect  .    e - +2 helmet {SInv}
rElec   .          Harm     .    q - scarf {rC+ rF+}
rCorr   .          Rampage  .    c - +0 pair of gloves
Will    .....                    (boots unavailable)
Stlth   ++........               (no amulet)
HPRegen 0.25/turn                (no ring)
MPRegen 0.00/turn                (no ring)

@: flying
A: sickness immunity, fire resistance 2, cold vulnerability 1, float, innate
caster, HP casting, extra vitality 1
a: no special abilities


You were on level 2 of the Dungeon.
You visited 1 branch of the dungeon, and saw 4 of its levels.

You collected 113 gold pieces.

Inventory:

Armour
 a - a +0 robe (worn)
 c - a +0 pair of gloves (worn)
 e - a +2 helmet of see invisible (worn)
 h - a +0 ring mail of willpower
 q - a scarf of resistance (worn)
Wands
 j - a wand of charming (14)
 n - a wand of polymorph (9)
Scrolls
 f - a scroll of enchant armour {unknown}
 i - a scroll of teleportation {unknown}
 k - a scroll of torment {unknown}
 l - 3 scrolls of identify {unknown}
 m - a scroll of silence {unknown}
 r - a scroll of magic mapping {unknown}
Potions
 b - 3 potions of curing {unknown}
 d - a potion of degeneration {unknown}
 g - a potion of lignification {unknown}
 o - a potion of flight {unknown}
 p - a potion of attraction {unknown}


   Skills:
 + Level 0.1 Fighting
 + Level 2.9 Dodging
 + Level 2.0 Stealth
 + Level 4.8 Spellcasting


You couldn't memorise any spells.
You knew the following spells:

 Your Spells              Type           Power      Damage    Failure   Level
a - Freeze                Ice            80%        1d9       1%          1
b - Frozen Ramparts       Ice            40%        1d7       6%          3
c - Ozocubu's Armour      Ice            20%        N/A       6%          3
d - Summon Ice Beast      Ice/Summ       20%        N/A       19%         4
e - Slow                  Hex            80%        N/A       1%          1
f - Scorch                Fire           40%        2d7       3%          2
Your spell library was empty.

Dungeon Overview and Level Annotations

Branches:
Dungeon (4/15)
 Temple: D:4-7

Altars:

Shops:
D:2 (


Innate Abilities, Weirdness & Mutations

You are immune to sickness and miasma.
You are immune to poison.
Your flesh is very heat resistant. (rF++)
You are vulnerable to cold. (rC-)
You float through the air rather than walking.
You learn spells naturally, not from books.
Your magical power is your life essence.
You have superior vitality. (+4 MHP)


Message History

Casting: Freeze (safe; 1% risk of failure)
Confirm with . or Enter, or press ? or * to list all spells.
Aiming: Freeze (safe; 1% risk of failure)
Press: ? - help, Shift-Dir - straight line, f/p - gnoll
Aim: a gnoll, wielding a +0 spear (heavily wounded)
You freeze the gnoll.
The gnoll is almost dead.
The gnoll misses you.
The gnoll hits you from afar with a +0 halberd.
Casting: Freeze (safe; 1% risk of failure)
Confirm with . or Enter, or press ? or * to list all spells.
Aiming: Freeze (safe; 1% risk of failure)
Press: ? - help, Shift-Dir - straight line, f/p - gnoll
Aim: a gnoll, wielding a +0 spear (almost dead)
You freeze the gnoll.
You kill the gnoll!
The gnoll closely misses you.
Your Stealth skill increases to level 2!
The gnoll misses you.
Things that are here:
a +0 spear; a +0 club; a gnoll corpse
Casting: Freeze (safe; 1% risk of failure)
Confirm with . or Enter, or press ? or * to list all spells.
Aiming: Freeze (safe; 1% risk of failure)
Press: ? - help, Shift-Dir - straight line, f - gnoll
Aim: a gnoll, wielding a +0 halberd You freeze the gnoll.
The gnoll is lightly wounded.
The gnoll hits you with a +0 halberd!
* * * LOW HITPOINT WARNING * * *
Casting: Freeze (safe; 1% risk of failure)
Confirm with . or Enter, or press ? or * to list all spells.
Aiming: Freeze (safe; 1% risk of failure)
Press: ? - help, Shift-Dir - straight line, f/p - gnoll
Aim: a gnoll, wielding a +0 halberd (lightly wounded)
You freeze the gnoll!
The gnoll is almost dead.
* * * LOW HITPOINT WARNING * * *
The gnoll hits you with a +0 halberd!
You die...

#### #... #..
... #.# # #.# #
#.####.####.##.
#....@g........
######.>.......
#..###.##.
#.........
#$.###....
##........
#.###.... #..#
.. ##.#


You could see a gnoll.

Vanquished Creatures
  Jessica (D:2)
  An iguana (D:3)
  4 adders
  2 gnolls (D:2)
  3 dart slugs
  6 orcs (D:3)
  8 bats
  2 endoplasms
  4 giant cockroaches
  A goblin (D:1)
  4 hobgoblins
  4 quokkas
  5 ball pythons
  2 frilled lizards
  5 kobolds
  7 rats
59 creatures vanquished.

Vanquished Creatures (others)
  2 fungi (D:3)
  5 plants (D:3)
7 creatures vanquished.

Grand Total: 66 creatures vanquished

Notes
Turn   | Place    | Note
-------+----------+-------------------------------------------
     0 | D:1      | Caerun the Djinni Ice Elementalist began the quest for the
                  | Orb.
     0 | D:1      | Caerun set off with the following spells memorised: Freeze,
                  | Frozen Ramparts, Ozocubu's Armour, Summon Ice Beast.
     0 | D:1      | Reached XP level 1. HP: 15/15 MP: 0/0
    87 | D:1      | Reached XP level 2. HP: 14/21 MP: 0/0
   618 | D:1      | Reached XP level 3. HP: 21/25 MP: 0/0
   618 | D:1      | Learned a level 1 spell: Slow
   949 | D:2      | Reached skill level 4 in Spellcasting
  1019 | D:2      | You are sucked into a shaft and drop 2 floors!
  1058 | D:3      | Found a faded altar of an unknown god.
  1143 | D:3      | Reached XP level 4. HP: 21/31 MP: 0/0
  1273 | D:2      | Found Niurr's Weapon Emporium.
  1277 | D:2      | Noticed Jessica
  1285 | D:2      | Killed Jessica
  1689 | D:3      | Reached XP level 5. HP: 33/35 MP: 0/0
  1689 | D:3      | Learned a level 2 spell: Scorch
  2488 | D:2      | Slain by a gnoll

Illustrated notes

Levels and vault maps discovered:
D:1:      dpeg_arrival_arbitrary_b, layout_loops_ring, minmay_box_of_dots
D:2:      layout_basic, serial_shops, nicolae_diamond_shop, uniq_jessica
D:3:      layout_loops_corners, lemuel_round_altar,
          shapermc_ecumenical_altar_ellora,
          nicolae_concentric_dashed_squares_mild, minivault_5,
          minmay_misc_feat_columns
D:4:      cheibrodos_helix_gallery, layout_gridville,
          nicolae_vehumet_altar_sigil, serial_shops, nicolae_stop_n_shop_1,
          serial_rivers, chequers_serial_rivers_small_b,
          chequers_serial_rivers_small_a, chequers_serial_rivers_micro_e,
          chequers_serial_rivers_small_a, chequers_serial_rivers_micro_c,
          chequers_serial_rivers_small_a, uniq_ijyb

Skill      XL: |  1  2  3  4  5 |
---------------+----------------+-----
Spellcasting   | 4 |  4.8
Stealth        | 2 |  2.0
Fighting       | |  0.1
Dodging        | |  2.9

Action                   |  1- 3 |  4- 6 || total
-------------------------+-------+-------++-------
Melee: Unarmed           |     2 |     3 ||     5
       Dagger            |     5 |     5 ||    10
       Quarterstaff      |       |     1 ||     1
 Cast: Freeze            |    58 |    47 ||   105
Armor: Robe              |    16 |    17 ||    33
Dodge: Dodged            |    32 |    33 ||    65

Table legend: (Time is in decaauts)
 A = Elapsed time spent in this place.
 B = Non-inter-level travel time spent in this place.
 C = Inter-level travel time spent in this place.
 D = Time resting spent in this place.
 E = Time spent auto-exploring this place.
 F = Levels seen in this place.
 G = Mean time per level.
                   A        B        C        D        E       F      G
               +--------+--------+--------+--------+--------+-----+--------+
         Total |   2486 |   2420 |     66 |     33 |   1780 |   4 |  621.5 |
       Dungeon |   2486 |   2420 |     66 |     33 |   1780 |   4 |  621.5 |
               +--------+--------+--------+--------+--------+-----+--------+

Top non-repeatable levels by time:
     D:3: 1093 daAuts
     D:1: 933 daAuts
     D:2: 441 daAuts
     D:4: 18 daAuts
